 Dungeon Crawl Stone Soup version 0.31-a0-188-g5e087ee2ca (webtiles) character file.

Game seed: 3979949473863528961

303 dafubar the Chopper (level 6, 0/56 HPs)
             Began as a Minotaur Berserker on June 23, 2023.
             Was a Priest of Trog (penitent).
             Slain by a troll (3 damage)
             ... on level 5 of the Dungeon.
             The game lasted 00:10:56 (2873 turns).

dafubar the Chopper (Minotaur Berserker)            Turns: 2873, Time: 00:10:56

Health: 0/56       AC: 13    Str: 23    XL:     6   Next: 15%
Magic:  5/5        EV:  9    Int:  4    God:    Trog [***...]
Gold:   128        SH:  0    Dex: 10    Spells: 3/5 levels left

rFire   . . .        r - +2 hand axe (flame)
rCold   . . .        (no shield)
rNeg    . . .        t - +0 chain mail
rPois   .            q - +2 hat
rElec   .            (no cloak)
rCorr   .            n - +1 pair of gloves
SInv    .            (no boots)
Will    .....        (no amulet) Stlth
                     (no ring)
HPRegen 0.29/turn    (no ring)
MPRegen 0.09/turn

%: no passive effects
@: no status effects
A: horns 2, retaliatory headbutt
a: Renounce Religion


You were on level 5 of the Dungeon.
You worshipped Trog.
Trog was demanding penance.
You visited 1 branch of the dungeon, and saw 5 of its levels.

You collected 128 gold pieces.

Inventory:

Hand Weapons
 a - a +0 hand axe
 k - a +0 sling
 o - the +8 sling of the Changing Coward {heavy, rPois rN+ Dex+2}
   (You found it on level 3 of the Dungeon)

   Dex:       It affects your dexterity (+2).
   rPois:     It protects you from poison.
   rN:        It protects you from negative energy.
 p - a +2 dagger of holy wrath
 r - a +2 hand axe of flaming (weapon)
Armour
 n - a +1 pair of gloves (worn)
 q - a +2 hat (worn)
 t - a +0 chain mail (worn)
Scrolls
 b - a scroll of teleportation {unknown}
 e - a scroll of vulnerability {unknown}
 f - 5 scrolls of identify {unknown}
 h - 2 scrolls of revelation {unknown}
Potions
 d - a potion of cancellation {unknown}
 g - a potion of curing {unknown}
 i - a potion of ambrosia {unknown}
 j - a potion of attraction {unknown}
 l - a potion of degeneration {unknown}
 m - 2 potions of mutation {unknown}
 s - a potion of invisibility {unknown}


   Skills:
 + Level 5.1 Fighting
 + Level 5.2 Axes
 + Level 4.4 Armour
 + Level 4.0 Dodging


You had 3 spell levels left.
You knew the following spells:

 Your Spells              Type           Power      Damage    Failure   Level
a - Call Imp              Summ           0%         N/A       99%         2

Your spell library contained the following spells:

 Spells                   Type           Power      Damage    Failure   Level
 Magic Dart               Conj           0%         1d3       97%         1
 Mephitic Cloud           Conj/Pois/Air  0%         N/A       100%        3


Dungeon Overview and Level Annotations

Branches:
Dungeon (5/15)
 Temple: D:4-7

Altars:
Gozag
Vehumet


Innate Abilities, Weirdness & Mutations

You have a pair of horns on your head.
You reflexively headbutt those who attack you in melee.


Message History

You see here a hound corpse.
You now have 128 gold pieces (gained 7).
An orc comes into view. It is wielding a +0 hand axe.
The orc shouts!
A troll comes into view.
The troll shouts!
An adder comes into view.
The orc hits you but does no damage.
You closely miss the orc. Your headbutt misses the orc. The orc misses you.
You slash the orc! You burn the orc.
You kill the orc!
Trog accepts your kill.
You hit the troll. You burn the troll. The troll bites you.
The troll claws you but does no damage. The troll claws you.
The troll attacks as you move away! The troll misses you. x2
The troll claws you.
You hit the troll. You burn the troll.
The troll is lightly wounded.
The troll bites you. The troll barely misses you. x2
You completely miss the troll.
The troll is lightly wounded.
The troll barely misses you. The troll claws you but does no damage.
The troll claws you!
You slash the troll! You burn the troll.
The troll is moderately wounded.
The troll bites you but does no damage. The troll barely misses you.
The troll claws you but does no damage.
You barely miss the troll.
You headbutt the troll, but do no damage.
The troll is moderately wounded.
The troll bites you! The troll barely misses you.
The troll claws you but does no damage. The troll bites you!
* * * LOW HITPOINT WARNING * * *
The troll claws you but does no damage. The troll misses you.
The troll bites you!
* * * LOW HITPOINT WARNING * * *
The troll completely misses you. The troll closely misses you.
The troll attacks as you move away! The troll misses you. The troll claws you.
You die...

....##########...####
....................+
....########.###†####
..### #.# #..# .##
#.###..###.# ..
#..........# ##.
######.##### .# #.#
### # #@# .. ##T## .#
.#. #.S.##.#.....
#.....)......
#...##.#..... #####
.# .#. .# .. ##


You could see a troll and an adder.

Vanquished Creatures
  A scorpion (D:5)
  A hound (D:5)
  Jessica (D:2)
  3 gnolls (D:4)
  7 adders
  3 worms
  3 dart slugs
  5 orcs
  4 ball pythons
  5 endoplasms
  2 giant cockroaches
  7 goblins
  5 hobgoblins
  6 jackals
  9 kobolds
  2 quokkas
  6 bats
  3 frilled lizards
  7 rats
80 creatures vanquished.

Notes
Turn   | Place    | Note
-------+----------+-------------------------------------------
     0 | D:1      | dafubar the Minotaur Berserker began the quest for the Orb.
     0 | D:1      | Reached XP level 1. HP: 19/19 MP: 0/0
   141 | D:1      | Reached XP level 2. HP: 23/27 MP: 1/1
   445 | D:1      | Reached XP level 3. HP: 33/33 MP: 2/2
   500 | D:1      | Reached ** piety under Trog
  1108 | D:2      | Reached XP level 4. HP: 40/40 MP: 3/3
  1340 | D:2      | Found an opulent altar of Gozag.
  1431 | D:2      | Noticed Jessica
  1444 | D:2      | Killed Jessica
  1658 | D:2      | Reached XP level 5. HP: 47/47 MP: 4/4
  2017 | D:3      | Reached *** piety under Trog
  2065 | D:3      | Identified the +8 sling of the Changing Coward {heavy,
                  | rPois rN+ Dex+2}
  2169 | D:3      | Identified the +6 dagger of the Hero {venom, rN+ Str+2
                  | Int-2}
  2324 | D:3      | Found a radiant altar of Vehumet.
  2568 | D:3      | Was placed under penance by Trog
  2571 | D:3      | Learned a level 2 spell: Call Imp
  2651 | D:4      | Noticed a black bear
  2671 | D:4      | Reached skill level 5 in Axes
  2676 | D:5      | Entered Level 5 of the Dungeon
  2837 | D:5      | Reached skill level 5 in Fighting
  2837 | D:5      | Reached XP level 6. HP: 56/56 MP: 5/5
  2859 | D:5      | Noticed a troll
  2871 | D:5      | HP: 2/56 [troll (8)]
  2873 | D:5      | Slain by a troll

Illustrated notes

Levels and vault maps discovered:
D:1:      minmay_arrival_open_corners, layout_basic
D:2:      layout_loops_ring, basic_altar, chequers_serial_rivers_room_a,
          minmay_door_square, chequers_arboretum,
          nicolae_kite_square_tiling_tiny, kennysheep_generic_room_9,
          uniq_jessica
D:3:      layout_rooms, fiery_altar_vehumet
D:4:      layout_loops_ring, mainiacjoe_overflow_cross_hatched
D:5:      cheibrodos_helix_gallery, layout_loops_corners, led_sif_pool,
          nicolae_hepliaklqana_hippocampus, makhleb_blood_cavern_becter,
          serial_shops, shop, uniq_pikel

Skill      XL: |  1  2  3  4  5  6 |
---------------+-------------------+-----
Fighting       | 4 5 |  5.1
Axes           | 4 5 |  5.2
Armour         | 3 4 |  4.4
Dodging        | 3 4 |  4.0

Action                     |  1- 3 |  4- 6 || total
---------------------------+-------+-------++-------
  Melee: Hand axe          |    79 |   108 ||   187
         Headbutt          |    12 |    25 ||    37
         Dagger            |       |    29 ||    29
         Punch             |       |     1 ||     1
 Armour: Scale mail        |    12 |    54 ||    66
         Ring mail         |     8 |       ||     8
         Chain mail        |       |    20 ||    20
  Dodge: Dodged            |    51 |    76 ||   127

Table legend: (Time is in decaauts)
 A = Elapsed time spent in this place.
 B = Non-inter-level travel time spent in this place.
 C = Inter-level travel time spent in this place.
 D = Time resting spent in this place.
 E = Time spent auto-exploring this place.
 F = Levels seen in this place.
 G = Mean time per level.
                   A        B        C        D        E       F      G
               +--------+--------+--------+--------+--------+-----+--------+
         Total |   2888 |   2888 |      0 |      0 |   1958 |   5 |  577.6 |
       Dungeon |   2888 |   2888 |      0 |      0 |   1958 |   5 |  577.6 |
               +--------+--------+--------+--------+--------+-----+--------+

Top non-repeatable levels by time:
     D:2: 1134 daAuts
     D:1: 889 daAuts
     D:3: 614 daAuts
     D:5: 197 daAuts
     D:4: 52 daAuts
